 Dungeon Crawl Stone Soup version 0.28.0-43-g3370ac3207 (webtiles) character file.

Game seed: 17864739251977282605

243 CryoSword the Conjurer (level 5, -12/41 HPs)
             Began as a Demigod Hedge Wizard on Mar 24, 2022.
             Mangled by a wyvern skeleton (14 damage)
             ... on level 4 of the Dungeon.
             The game lasted 00:11:35 (5540 turns).

CryoSword the Conjurer (Demigod Hedge Wizard)       Turns: 5540, Time: 00:11:35

Health: -12/41     AC:  2    Str: 11    XL:     5   Next: 52%
Magic:  5/12       EV: 11    Int: 20    God:
Gold:   65         SH:  4    Dex: 13    Spells: 3/9 levels left

rFire   . . .      SeeInvis .   w - +0 spear
rCold   . . .      Faith    .   u - +0 buckler
rNeg    . . .      Spirit   .   b - +0 robe
rPois   +          Reflect  .   c - +0 hat
rElec   .          Harm     .   (no cloak)
rCorr   .          Rampage  .   (no gloves)
Will    .....                   (no boots)
Stlth   ++........              (no amulet)
HPRegen 0.13/turn               h - ring of poison resistance
MPRegen 0.13/turn               (no ring)

@: on blink cooldown
A: high MP 1, forlorn, divine attributes
a: no special abilities


You were on level 4 of the Dungeon.
You visited 1 branch of the dungeon, and saw 4 of its levels.

You collected 112 gold pieces.
You spent 47 gold pieces at shops.

Inventory:

Hand Weapons
 w - a +0 spear (weapon)
   (You found it on level 3 of the Dungeon)
Missiles
 t - 3 poisoned darts
Armour
 b - a +0 robe (worn)
 c - a +0 hat (worn)
 u - a +0 buckler (worn)
   (You found it on level 3 of the Dungeon)
Jewellery
 h - a ring of poison resistance (left hand)
   (You found it on level 1 of the Dungeon)
 x - an amulet of regeneration
   (You found it on level 4 of the Dungeon)
Scrolls
 d - 2 scrolls of magic mapping {unknown}
 f - a scroll of silence {unknown}
 g - 2 scrolls of fear {unknown}
 i - 2 scrolls of vulnerability {unknown}
 k - 4 scrolls of identify {@r1}
 l - a scroll of noise {unknown}
 o - a scroll of enchant weapon {unknown}
 r - 3 scrolls of enchant armour {unknown}
 s - 3 scrolls of fog {unknown}
 v - 2 scrolls of teleportation {unknown}
Potions
 a - a potion of brilliance {unknown}
 e - a potion of heal wounds {@q2}
 j - a potion of berserk rage
 m - 2 potions of curing {unknown}
 n - a potion of ambrosia {unknown}
 p - a potion of haste {unknown}
 q - a potion of degeneration {unknown}


   Skills:
 + Level 2.0 Fighting
 - Level 1.7 Dodging
 - Level 1.7 Stealth
 * Level 1.1 Shields
 + Level 2.8 Spellcasting
 * Level 3.4 Conjurations
 + Level 0.9 Hexes
 + Level 2.3 Summonings
 - Level 1.0 Translocations


You had 3 spell levels left.
You knew the following spells:

 Your Spells              Type           Power      Damage    Failure   Level
a - Magic Dart            Conj           64%        1d6       4%          1
b - Call Imp              Summ           12%        N/A       11%         2
c - Slow                  Hex            24%        N/A       13%         1
B - Blink                 Tloc           12%        N/A       19%         2

Your spell library contained the following spells:

 Spells                   Type           Power      Damage    Failure   Level
 Conjure Flame            Conj/Fire      9%         6-21      28%         3
 Mephitic Cloud           Conj/Pois/Air  7%         N/A       34%         3


Dungeon Overview and Level Annotations

Branches:
Dungeon (4/15)
 Temple: D:4-7

Shops:
D:1 ?*   D:2 *

Annotations:
D:4 exclusion: ogre, Blork the orc


Innate Abilities, Weirdness & Mutations

You have an increased reservoir of magic. (+10% MP)
You shall have no god before yourself.
Your divine heritage dramatically boosts your attributes as you level up.


Message History

You climb upwards.
There is a stone staircase leading down here.
There is an open door here.
You blink.
A beastly little devil appears in a puff of flame.
Your crimson imp hits the black bear.
Your crimson imp hits the black bear but does no damage.
You feel stable enough to blink again.
Your crimson imp blinks!
Your crimson imp blinks!
Your crimson imp blinks!
You swap places.
The black bear bites your crimson imp. The black bear misses your crimson imp.
The black bear claws your crimson imp.
Your crimson imp hits the black bear but does no damage.
The black bear bites your crimson imp but does no damage.
The black bear closely misses your crimson imp.
The black bear completely misses your crimson imp.
Your crimson imp hits the black bear.
A beastly little devil appears in a puff of frigid air.
Aim: a black bear (lightly wounded, ally target, 100% to hit)
The magic dart hits the black bear.
Your white imp gestures at the black bear.
The puff of frost misses the black bear.
Aim: a black bear (lightly wounded, ally target, 100% to hit)
The magic dart hits the black bear.
Aim: a black bear (moderately wounded, ally target, 100% to hit)
The magic dart hits the black bear but does no damage.
The black bear bites you. You block the black bear's attack. x2
You hit the black bear but do no damage.
Your white imp gestures at the black bear.
The puff of frost hits the black bear!
The black bear misses you. The black bear claws you.
The black bear claws you but does no damage.
Your white imp hits the black bear.
Your white imp freezes the black bear.
You hit the black bear. The black bear bites you.
* * * LOW HITPOINT WARNING * * *
You block the black bear's attack. The black bear claws you.
* * * LOW HITPOINT WARNING * * *
Your white imp hits the black bear.
Your white imp freezes the black bear.
The black bear dies!
Your Fighting skill increases to level 2!
Your Shields skill increases to level 1!
You have reached level 5!
You see here a black bear corpse.
There is a stone staircase leading up here.
You start resting.
Your white imp disappears in a puff of smoke!
You start resting.
There is an open door here.
There is a stone staircase leading down here.
You climb downwards.
Level annotation: exclusion: ogre, Blork the orc The jackal barely misses you. x2
There is a stone staircase leading up here.
You block the jackal's attack. x2
The jackal bites you but does no damage.
You climb upwards.
There is a stone staircase leading down here.
You hit the jackal. The jackal barely misses you.
You hit the jackal.
You kill the jackal!
No target in view!
You climb downwards.
Level annotation: exclusion: ogre, Blork the orc The jackal barely misses you.
The jackal bites you. The jackal barely misses you.
The jackal closely misses you.
There is a stone staircase leading up here.
The jackal barely misses you. x2
You climb upwards.
There is a stone staircase leading down here.
A beastly little devil appears in a puff of frigid air.
The jackal closely misses you. x2
The jackal bites you but does no damage. x2
You miss the jackal. You block the jackal's attack.
The jackal closely misses you.
Your white imp closely misses the jackal.
You hit the jackal. The jackal closely misses you.
The jackal bites you but does no damage.
The jackal barely misses you.
Your white imp misses the jackal.
The jackal closely misses you.
You closely miss the jackal. The jackal barely misses you.
The jackal bites you.
Your white imp barely misses the jackal.
The jackal bites you.
You miss the jackal. The jackal bites you.
The jackal bites you but does no damage.
Your white imp hits the jackal.
Your white imp freezes the jackal.
The jackal dies!
The jackal bites you.
You closely miss the jackal. The jackal misses you.
You hit the jackal but do no damage.
The jackal bites you but does no damage.
The jackal barely misses you.
You swap places.
Your white imp closely misses the jackal.
The jackal barely misses your white imp.
You reach to attack!
You closely miss the jackal.
The jackal bites your white imp but does no damage.
Your white imp hits the jackal.
Your white imp freezes the jackal.
The jackal dies!
No target in view!
You swap places.
There is a stone staircase leading down, spattered with blood here.
There is an open door here.
You see here a jackal corpse.
You start resting.
You start resting.
Your white imp disappears in a puff of smoke!
You can't go down here!
There is a stone staircase leading down, spattered with blood here.
You climb downwards.
Level annotation: exclusion: ogre, Blork the orc
There is a stone staircase leading up here.
You now have 65 gold pieces (gained 14).
x - an amulet of regeneration A wyvern skeleton comes into view.
You reach to attack!
You hit the wyvern skeleton but do no damage.
The wyvern skeleton barely misses you.
You hit the wyvern skeleton. The wyvern skeleton closely misses you.
You hit the wyvern skeleton. The wyvern skeleton bites you.
A metallic apparition takes form in the air.
The wyvern skeleton bites you! x2
* * * LOW HITPOINT WARNING * * *
You are too injured to fight recklessly!
You are too injured to fight recklessly!
Aim: a wyvern skeleton (moderately damaged, ally target, 100% to hit)
The magic dart hits the wyvern skeleton.
The wyvern skeleton closely misses you.
Aim: a wyvern skeleton (moderately damaged, ally target, 100% to hit)
The magic dart hits the wyvern skeleton.
The wyvern skeleton bites you.
* * * LOW HITPOINT WARNING * * *
Your iron imp hits the wyvern skeleton.
Aim: a wyvern skeleton (heavily damaged, ally target, 100% to hit)
The magic dart hits the wyvern skeleton.
The wyvern skeleton completely misses you.
Your iron imp hits the wyvern skeleton.
The wyvern skeleton bites you!
* * * LOW HITPOINT WARNING * * *
Aim: a wyvern skeleton (heavily damaged, ally target, 100% to hit)
Okay, then.
Okay, then.
You blink.
The wyvern skeleton bites your iron imp.
Your iron imp hits the wyvern skeleton!
Okay, then.
Aim: a wyvern skeleton (severely damaged, ally target, 100% to hit)
The magic dart hits the wyvern skeleton.
The wyvern skeleton bites you!
You die...

.....# #....## #.....##
###......##
###.........#
#####............
.................
.............####
..####@Z5..##
##......## ##....#...#
## ##....##...#
#.###.....###ยง.##
#.#.....#.###...#######
#...........#.........#
#..................####
#.......###....#####


You could see a wyvern skeleton (ally target) and a friendly iron imp
(summoned).

Vanquished Creatures
  An iguana (D:2)
  3 adders
  A howler monkey skeleton (D:4)
  2 worms
  3 dart slugs (D:1)
  4 orcs (D:3)
  6 ball pythons
  2 endoplasms (D:3)
  3 giant cockroaches (D:1)
  12 goblins
  8 hobgoblins
  A jackal (D:3)
  6 kobolds
  3 quokkas
  7 bats
  2 frilled lizards (D:1)
  7 rats
71 creatures vanquished.

Vanquished Creatures (collateral kills)
  A black bear (D:3)
  A hobgoblin (D:1)
  2 jackals (D:3)
  A quokka (D:1)
  A kobold (D:1)
6 creatures vanquished.

Grand Total: 77 creatures vanquished

Notes
Turn   | Place    | Note
-------+----------+-------------------------------------------
     0 | D:1      | CryoSword the Demigod Hedge Wizard began the quest for the
                  | Orb.
     0 | D:1      | Reached XP level 1. HP: 14/14 MP: 6/6
    60 | D:1      | Reached skill level 1 in Conjurations
    70 | D:1      | Reached skill level 1 in Summonings
   387 | D:1      | Reached XP level 2. HP: 22/22 MP: 5/8
   690 | D:1      | Learned a level 2 spell: Call Imp
   693 | D:1      | Learned a level 2 spell: Blink
  1110 | D:1      | Reached skill level 1 in Fighting
  1110 | D:1      | Reached skill level 2 in Conjurations
  1402 | D:1      | Found Xaycagh's Magic Scroll Boutique.
  1444 | D:1      | Found Mihece's Assorted Antiques.
  1447 | D:1      | Bought a scroll of identify for 20 gold pieces
  1678 | D:1      | Reached XP level 3. HP: 28/28 MP: 5/9
  1777 | D:1      | Learned a level 1 spell: Slow
  2148 | D:2      | Found Asifay's Assorted Antiques.
  2650 | D:2      | HP: 1/28 [iguana (9)]
  2956 | D:2      | Reached XP level 4. HP: 15/35 MP: 1/10
  3347 | D:2      | Bought a sedimented emerald potion for 27 gold pieces
  4058 | D:3      | Reached skill level 3 in Conjurations
  4732 | D:3      | Reached skill level 1 in Translocations
  4933 | D:4      | Noticed an ogre
  5147 | D:4      | Noticed Blork the orc
  5232 | D:4      | Noticed a black bear
  5266 | D:3      | Killed a black bear
  5267 | D:3      | Reached skill level 1 in Shields
  5267 | D:3      | Reached XP level 5. HP: 15/41 MP: 4/12
  5536 | D:4      | HP: 1/41 [wyvern skeleton (14)]
  5540 | D:4      | Mangled by a wyvern skeleton

Illustrated notes

Levels and vault maps discovered:
D:1:      dpeg_arrival_erosion, layout_loops_ring, serial_forest,
          infiniplex_forest_lined_room_2, infiniplex_forest_lined_room_2,
          infiniplex_forest_join, infiniplex_forest_corner_1,
          infiniplex_forest_fountain, infiniplex_forest_straight_1,
          serial_shops, shop, shop, ebering_ecumenical_altar_webs
D:2:      layout_loops_ring, serial_shops, shop_statue
D:3:      layout_basic, mainiacjoe_overflow_large_starburst,
          minmay_increasing_density
D:4:      layout_layer_cave, nicolae_dithmenos_through_a_glass_darkly,
          gammafunk_ghost_icy, uniq_blork_the_orc, uniq_edmund, uniq_menkaure

Skill      XL: |  1  2  3  4 |
---------------+-------------+-----
Conjurations   | 1 2 3 |  3.4
Summonings     | 1 2 |  2.3
Fighting       | 1 2 |  2.0
Translocations | 1 |  1.0
Shields        | 1 |  1.1
Dodging        | |  1.7
Stealth        | |  1.7
Spellcasting   | |  2.8
Hexes          | |  0.9

Action                   |  1- 3 |  4- 6 || total
-------------------------+-------+-------++-------
Melee: Dagger            |    52 |     6 ||    58
       Punch             |     1 |     1 ||     2
       Spear             |       |    30 ||    30
       Short sword       |       |     1 ||     1
 Cast: Magic Dart        |   111 |    65 ||   176
       Call Imp          |     6 |     8 ||    14
       Blink             |     2 |     2 ||     4
  Use: Scroll            |     2 |       ||     2
 Stab: Sleeping          |     3 |     1 ||     4
Armor: Robe              |    13 |    10 ||    23
Dodge: Dodged            |    65 |    31 ||    96
Block: Buckler           |       |     6 ||     6
